 Dungeon Crawl Stone Soup version 0.20-a0-513-g02c11fc (webtiles) character file.

100 Dharzhak the Slasher (level 4, 0/34 HPs)
             Began as a Demonspawn Gladiator on Jan 22, 2017.
             Slain by an orc
             ... wielding a +0 hand axe
              (8 damage)
             ... on level 3 of the Dungeon.
             The game lasted 00:04:20 (2379 turns).

Dharzhak the Slasher (Demonspawn Gladiator)         Turns: 2379, Time: 00:04:21

Health: 0/34       AC:  6    Str: 16    XL:     4   Next: 47%
Magic:  4/4        EV:  7    Int:  9    God:
Gold:   112        SH: 11    Dex: 14    Spells: 3/3 levels left

rFire    . . .     SeeInvis .   a - +0 long sword
rCold    . . .     Gourm    .   m - +0 ring mail
rNeg     . . .     Faith    .   j - +0 large shield
rPois    .         Spirit   .   c - +0 helmet
rElec    .         Reflect  .   (no cloak)
rCorr    .         Harm     .   (no gloves)
MR       .....                  (no boots)
Stlth    +.........             (no amulet)
Regen    0.2/turn               (no ring)
                                r - ring of stealth

@: no status effects
A: claws 1, hooves 2
a: no special abilities


You were on level 3 of the Dungeon.
You were not hungry.

You visited 1 branch of the dungeon, and saw 3 of its levels.

You collected 112 gold pieces.

Inventory:

Hand Weapons
 a - a +0 long sword (weapon)
 l - a +5 mace
Missiles
 d - 3 throwing nets (quivered)
Armour
 c - a +0 helmet (worn)
 j - a +0 large shield (worn)
 m - a +0 ring mail (worn)
 u - a +0 plate armour
Jewellery
 r - a ring of stealth (left claw)
Scrolls
 g - a scroll of fear {unknown}
 h - 2 scrolls of teleportation {unknown}
 k - 2 scrolls of identify {unknown}
 o - a scroll of recharging {unknown}
 p - 2 scrolls of random uselessness {unknown}
Potions
 b - a potion of lignification {unknown}
 e - a potion of curing {unknown}
 i - a potion of ambrosia {unknown}
 s - a potion of brilliance {unknown}
 t - a potion of resistance {unknown}
Comestibles
 f - 3 bread rations
 n - a royal jelly


   Skills:
 + Level 2.4 Fighting
 + Level 3.5 Long Blades
 + Level 2.0 Throwing
 + Level 1.5 Armour
 + Level 3.1 Dodging
 + Level 0.6 Shields


You had 3 spell levels left.
You didn't know any spells.

Dungeon Overview and Level Annotations

Branches:
Dungeon (3/15)

Altars:
Elyvilon
Yredelemnul


Innate Abilities, Weirdness & Mutations

You have sharp fingernails.
You have hoof-like feet.


Message History

The orc wizard is almost dead.
You block the orc wizard's attack. The orc hits you but does no damage.
The orc hits you with a hand axe. The orc hits you but does no damage.
The orc wizard gestures at you while chanting.
The magic dart hits you! The orc hits you with a hand axe.
You hit the orc wizard.
You kill the orc wizard!
You block the orc's attack. The orc hits you but does no damage.
Unknown command.
Your shield prevents you from hitting the orc.
The orc hits you with a short sword. x2; The orc hits you with a hand axe.
The orc hits you with a short sword!
* * * LOW HITPOINT WARNING * * *
Unknown command.
You miss something. You kick something. The orc hits you but does no damage.
The orc closely misses you. You block something's attack.
Unknown command.
You barely miss something. Your kick misses something.
The orc hits you with a hand axe!
You die...

#.# #.# #.#######
#..<....# #.#####....
#.# # #.# ####.#.
#.######.......
#######...oo@)o....#
...........o##.......
#######.###....######
#.# ###..... #.#
..### #.# .# #.# .#
#.. .. ###


You could see 4 orcs.

Vanquished Creatures
  An orc wizard (D:3)
  2 adders (D:2)
  3 worms
  3 leopard geckos (D:1)
  An orc (D:3)
  A giant cockroach (D:1)
  4 goblins
  6 hobgoblins
  2 jackals (D:2)
  6 kobolds
  4 bats
  3 frilled lizards
  4 rats
40 creatures vanquished.

Notes
Turn   | Place    | Note
-------+----------+-------------------------------------------
     0 | D:1      | Dharzhak the Demonspawn Gladiator began the quest for the Orb.
     0 | D:1      | Reached XP level 1. HP: 16/16 MP: 1/1
   158 | D:1      | Gained mutation: You have large cloven feet. [demonic ancestry]
   158 | D:1      | Reached XP level 2. HP: 11/22 MP: 2/2
  1075 | D:2      | Gained mutation: You have sharp fingernails. [demonic ancestry]
  1075 | D:2      | Reached XP level 3. HP: 10/28 MP: 3/3
  1365 | D:2      | Found a white marble altar of Elyvilon.
  1418 | D:2      | Reached skill level 1 in Armour
  1937 | D:2      | Found a basalt altar of Yredelemnul.
  2087 | D:3      | Gained mutation: You have hoof-like feet. [demonic ancestry]
  2087 | D:3      | Reached XP level 4. HP: 4/34 MP: 4/4
  2379 | D:3      | Slain by an orc

Vault maps used:
D:1:      shiori_arrival_elements, hangedman_decor_push
D:2:      lemuel_round_altar, elyvilon_altar_1

Skill      XL: |  1  2  3 |
---------------+----------+-----
Throwing       | 2 |  2.0
Long Blades    | 3 |  3.5
Dodging        | 3 |  3.1
Armour         | 1 |  1.5
Fighting       | |  2.4
Shields        | |  0.6

Action                   |  1- 3 |  4- 6 || total
-------------------------+-------+-------++-------
Melee: Long sword        |   131 |    13 ||   144
       Kick              |    27 |     4 ||    31
 Stab: Sleeping          |     1 |       ||     1
  Eat: Chunk             |     4 |     1 ||     5
Armor: Leather armour    |     9 |       ||     9
       Ring mail         |    31 |     8 ||    39
Dodge: Dodged            |    29 |     2 ||    31
Block: Large shield      |    81 |    10 ||    91
       Rpst.: Long sword |     8 |       ||     8
